 Dungeon Sprint DCSS version 0.29.1-2-gbd0b4ee654 (webtiles) character file.

Game seed: 383861418606978811

744 Zeld the Cleaver (level 7, -3/105 HPs)
             Began as a Minotaur Berserker on Oct 26, 2022.
             Was a Priest of Trog.
             Slain by a boulder beetle (11 damage)
             ... in the Dungeon (Sprint II: "The Violet Keep of Menkaure").
             The game lasted 00:02:16 (1305 turns).

Zeld the Cleaver (Minotaur Berserker)               Turns: 1305, Time: 00:02:17

Health: -3/105     AC:  2    Str: 24    XL:     7   Next: 47%
Magic:  6/6        EV: 14    Int:  4    God:    Trog [***...]
Gold:   142        SH:  0    Dex:  9    Spells: 6/6 levels left

rFire   . . .      SeeInvis .   a - +0 hand axe
rCold   . . .      Faith    .   (no shield)
rNeg    . . .      Spirit   .   b - +0 animal skin
rPois   .          Reflect  .   (helmet restricted)
rElec   .          Harm     .   (no cloak)
rCorr   .          Rampage  .   (no gloves)
Will    ++...      NoTele   +   (no boots)
Stlth   ..........              (no amulet)
HPRegen 1.27/turn               (no ring)
MPRegen 0.10/turn               (no ring)

@: berserking, strong-willed, regenerating, very quick
A: horns 2, retaliatory headbutt
a: Renounce Religion, Berserk, Trog's Hand


You were in the Dungeon.
You worshipped Trog.
Trog was most pleased with you.
You visited 1 branch You collected 1082 gold pieces.
You spent 940 gold pieces at shops.

Inventory:

Hand Weapons
 a - a +0 hand axe (weapon)
Armour
 b - a +0 animal skin (worn)
Scrolls
 h - 2 scrolls of blinking
 i - a scroll of summoning
Potions
 c - a potion of curing
 d - a potion of heal wounds
 e - a potion of haste
 f - 2 potions of magic
 g - a potion of berserk rage
 j - a potion of might


   Skills:
 + Level 9.6 Fighting
 * Level 12.9 Axes
 + Level 9.2 Armour
 + Level 8.4 Dodging


You had 6 spell levels left.
You didn't know any spells.
Your spell library was empty.

Dungeon Overview and Level Annotations

Branches:
Dungeon (1/1)

Altars:

Shops:
D ![:[!:=(:=((?[(

Annotations:
D exclusions: oklob plant and orange crystal statue


Innate Abilities, Weirdness & Mutations

You have a pair of horns on your head.
You reflexively headbutt those who attack you in melee.


Message History

The boulder beetle is severely wounded.
The boulder beetle curls into a ball and begins rolling!
The boulder beetle bites you!
Unknown command.
You are too injured to fight recklessly!
Unknown command.
You are too injured to fight recklessly!
Unknown command.
You are too injured to fight recklessly!
Unknown command.
You hit the boulder beetle but do no damage.
The boulder beetle is severely wounded.
You hit the boulder beetle but do no damage.
The boulder beetle is severely wounded.
The boulder beetle bites you!!
* * * LOW HITPOINT WARNING * * *
Unknown command.
You hit the boulder beetle but do no damage.
You headbutt the boulder beetle.
The boulder beetle is severely wounded.
You hit the boulder beetle but do no damage.
The boulder beetle barely misses you. You furiously retaliate!
You headbutt the boulder beetle!
The boulder beetle stops rolling and uncurls.
You hit the boulder beetle but do no damage.
You headbutt the boulder beetle, but do no damage.
The boulder beetle is severely wounded.
You barely miss the boulder beetle. The boulder beetle misses you.
Unknown command.
You barely miss the boulder beetle.
You headbutt the boulder beetle, but do no damage.
The boulder beetle is severely wounded.
You hit the boulder beetle. The boulder beetle bites you!!
* * * LOW HITPOINT WARNING * * *
Unknown command.
You hit the boulder beetle but do no damage.
The boulder beetle is severely wounded.
You hit the boulder beetle but do no damage.
The boulder beetle bites you!
You die...

~## ≈§§≈ ##########~~#+++#+++##
#########~~~.........#
∩.......#~~~~.##+##..#
.∩.....∩#~~~~##. .##.####
∩.∩...∩.#~~~~#.. ..#....#
.∩.∩.∩.∩#~~### .#$ ###..##
....∩.∩.#~##.###B###.##..#
...∩.∩..#~#...##@##...#..#
....⌠...'~'.#.).B.'##.'..###
........#~#...##°##...#....#
▓▓▓▓▓▓###~##.###'###.##.....§~~
!ll######~~#####..####~~...§.~#


lHH#Z ##~~~#.##..#~~~§~§~§§~# ∩PH+$ #'#~##.#.##~~~§~~~~§§# $.. ?
#[#~~##'##~~~≈≈≈~~~~~# ####~~~~~~~~~~≈≈§≈~~~# You could see 2 boulder beetles.

Vanquished Creatures
  A merfolk siren (D)
  Menkaure (D)
  4 necrophages (D)
  A scorpion (D)
  3 worms (D)
10 creatures vanquished.

Vanquished Creatures (others)
  A water moccasin (D)
1 creature vanquished.

Grand Total: 11 creatures vanquished

Notes
Turn   | Place    | Note
-------+----------+-------------------------------------------
     0 | D        | Zeld the Minotaur Berserker began the quest for the Orb.
     0 | D        | Reached XP level 1. HP: 19/19 MP: 0/0
     1 | D        | Noticed a boulder beetle
     1 | D        | Noticed a boulder beetle
     5 | D        | Noticed a merfolk siren
    13 | D        | Killed a merfolk siren
    14 | D        | Reached skill level 10 in Axes
    14 | D        | Reached XP level 2. HP: 7/35 MP: 1/1
    14 | D        | Reached XP level 3. HP: 8/40 MP: 2/2
    14 | D        | Reached XP level 4. HP: 10/48 MP: 3/3
    14 | D        | Reached XP level 5. HP: 11/53 MP: 4/4
    14 | D        | Reached XP level 6. HP: 13/61 MP: 5/5
   107 | D        | Killed a water moccasin
   331 | D        | Reached ** piety under Trog
   597 | D        | Reached skill level 11 in Axes
   599 | D        | Reached *** piety under Trog
   603 | D        | Reached XP level 7. HP: 69/69 MP: 6/6
   607 | D        | Reached skill level 12 in Axes
   862 | D        | Noticed Menkaure
   863 | D        | Noticed an orange crystal statue
   866 | D        | Killed Menkaure
  1010 | D        | Found Nuhec's Antique Weapon Shop.
  1010 | D        | Found Urappyne's Magic Scroll Shop.
  1010 | D        | Found Bohi's Book Boutique.
  1010 | D        | Found Tideuv's Antique Weapon Shop.
  1010 | D        | Found Darghal's Jewellery Boutique.
  1010 | D        | Found Moorid's Weapon Boutique.
  1011 | D        | Found Firiwer's Antique Weapon Boutique.
  1011 | D        | Found Soroonant's Jewellery Shop.
  1011 | D        | Found Zuimo's Armour Boutique.
  1014 | D        | Found Erit's Book Boutique.
  1014 | D        | Noticed a wyvern
  1034 | D        | Reached **** piety under Trog
  1160 | D        | Noticed a manticore
  1161 | D        | Found Biarat's Distillery.
  1161 | D        | Found Wucotiah's Antique Armour Shop.
  1161 | D        | Noticed a wyvern
  1161 | D        | Noticed an oklob plant
  1161 | D        | Noticed a manticore
  1162 | D        | Found Viaji's Antique Armour Shop.
  1162 | D        | Found Kiudips's Book Shoppe.
  1162 | D        | Found Zipliv's Distillery.
  1166 | D        | Noticed a wyvern
  1180 | D        | Bought a scroll of acquirement for 676 gold pieces
  1180 | D        | Noticed a manticore
  1181 | D        | Acquired 353 gold pieces
  1188 | D        | Bought a scroll of blinking for 97 gold pieces
  1188 | D        | Bought a scroll of summoning for 123 gold pieces
  1206 | D        | Bought a potion of might for 44 gold pieces
  1305 | D        | Slain by a boulder beetle

Illustrated notes

Levels and vault maps discovered:
D:        the_violet_keep_of_menkaure [sprint2_stairs_cluster_1,
          sprint2_shoproom, sprint2_temple, sprint2_basic_supplies,
          sprint2_obstacle_5, sprint2_obstacle_1, sprint2_obstacle_4,
          sprint2_obstacle_6, sprint2_obstacle_2, sprint2_timed_cluster_1,
          sprint2_smallroom_cluster_1, sprint2_smallroom_final_cluster_1,
          sprint2_transparent_cluster_1, sprint2_second_timed_cluster_1,
          sprint2_sniper_area_1, sprint2_heavy_combat_area_1,
          sprint2_mutation_trap_area_1, sprint2_forest_area_1,
          sprint2_light_combat_area_1, sprint2_behind_water_1,
          sprint2_near_end_vault_1]

Skill      XL: |  1  2  3  4  5  6  7 |
---------------+----------------------+-----
Fighting       | 8 9 |  9.6
Axes           | 10 11 12 | 12.9
Armour         | 7 8 9 |  9.2
Dodging        | 6 7 8 |  8.4

Action                   |  1- 3 |  4- 6 |  7- 9 || total
-------------------------+-------+-------+-------++-------
Melee: Hand axe          |     4 |    25 |    21 ||    50
       Headbutt          |     2 |     3 |     8 ||    13
Invok: Berserk           |     1 |     1 |     2 ||     4
       Trog's Hand       |       |       |     1 ||     1
  Use: Scroll            |       |       |     1 ||     1
Armor: Animal skin       |       |     1 |       ||     1
Dodge: Dodged            |       |     8 |     5 ||    13
